AoeStats
← dashuaibi

Arena

508834588Analyzed
4v4 RM · 8d ago on Sep 24, 2026· 46m 45s· 8 players
Game mode
Random Map
Map size
Large (8 player)
Population
200
Speed
Normal
Resources
Standard
Victory
Conquest
Starting age
Dark Age
Ending age
Imperial Age
RankedLock teamsTeams togetherTeam positionsShared explorationLock speedFull tech treeHidden civsTurbo modeCheats
Victory
Defeat
🇨🇳 Britons · China
1368
+14
🇨🇳 Teutons · China
1340
+15
🇻🇳 Saxons · Vietnam
1324
+17
🇨🇳 Malay · China
1320
+16
🇬🇧 Saxons · United Kingdom
1341
-16
🇧🇪 Danes · Belgium
1338
-16
🇩🇪 Varangians · Germany
1334
-16
🇺🇸 Mongols · United States
1297
-14
dashuaibi
7:00 Loom
9:17 Feudal Age
11:25 Fletching
22:08 Double-Bit Axe
22:05 Horse Collar
22:45 Stone Mining
25:04 Castle Age
27:49 Bow Saw
27:46 Heavy Plow
28:28 Gold Mining
29:44 Wheelbarrow
29:52 Stone Shaft Mining
34:29 Imperial Age
33:05 Scale Mail Armor
34:42 Chain Mail Armor
34:53 Squires
36:00 Crop Rotation
36:23 Conscription
37:21 Chemistry
36:57 Hand Cart
39:21 Two-Man Saw
38:33 Town Watch
39:30 Plate Mail Armor
39:10 Forging
39:28 Siege Engineers
41:00 Elite Teutonic Knight
45:11 Iron Casting
44:31 Bodkin Arrow
46:52 Ironclad
47:13 Ballistics
47:04 Masonry
47:05 Fortified Wall
仙逆许木
12:48 Feudal Age
12:54 Double-Bit Axe
15:48 Castle Age
13:37 Horse Collar
16:06 Bow Saw
21:42 Wheelbarrow
21:45 Heavy Plow
22:09 Gold Mining
22:32 Stone Mining
24:18 Hand Cart
29:41 Imperial Age
26:57 Loom
27:57 Forging
28:24 Gold Shaft Mining
29:40 Iron Casting
28:47 Elite Karambit Warrior
29:50 Conscription
31:40 Blast Furnace
33:19 Chemistry
32:25 Siege Engineers
33:43 Fletching
37:30 Bodkin Arrow
42:55 Squires
44:15 Bracer
你顶住我发展
11:39 Feudal Age
16:34 Castle Age
15:24 Loom
20:57 Imperial Age
18:45 Double-Bit Axe
19:45 Bow Saw
19:50 Gold Mining
20:17 Horse Collar
21:03 Fletching
24:02 Bodkin Arrow
24:29 Ballistics
24:45 Bracer
25:59 Padded Archer Armor
27:47 Wheelbarrow
29:17 Stone Mining
30:03 Gold Shaft Mining
30:44 Hand Cart
33:15 Conscription
35:17 Two-Man Saw
35:44 Murder Holes
38:15 Chemistry
41:18 Leather Archer Armor
42:27 Town Watch
43:08 Guilds
44:29 Ring Archer Armor
44:49 Siege Engineers
Cuong Boss
9:18 Feudal Age
14:34 Castle Age
12:42 Double-Bit Axe
15:53 Horse Collar
16:51 Heavy Plow
18:57 Loom
23:42 Squires
25:35 Wheelbarrow
25:52 Bow Saw
29:34 Imperial Age
26:56 Treadmill Crane
26:44 Man-at-Arms
27:52 Forging
28:14 Hand Cart
28:12 Scale Mail Armor
27:38 Long Swordsman
28:14 Stone Mining
28:52 Gold Mining
29:03 Squires
28:49 Gambesons
29:58 Iron Casting
29:45 Ballistics
30:07 Gold Shaft Mining
29:40 Two-Handed Swordsman
31:43 Conscription
32:33 Sanctity
32:29 Block Printing
31:47 Pikeman
32:00 Elite Varangian Guard
33:06 Town Watch
33:56 Crop Rotation
34:28 Two-Man Saw
34:14 Scale Mail Armor
34:59 Illumination
35:11 Theocracy
34:49 Siege Engineers
34:06 Shield Wall
34:12 Clerical Recruitment
34:56 Arson
34:33 Halberdier
35:24 Champion
36:23 Chain Mail Armor
37:09 Chemistry
36:25 Elite Hearth Troop
38:03 Plate Mail Armor
37:55 Fletching
38:16 Masonry
39:42 Guilds
40:54 Architecture
41:48 Bodkin Arrow
43:01 Herbal Medicine
43:23 Redemption
44:16 Hoardings
45:58 Capped Ram
DUDA
10:06 Feudal Age
14:36 Castle Age
12:39 Double-Bit Axe
13:17 Horse Collar
23:43 Heavy Plow
24:33 Wheelbarrow
25:10 Bow Saw
25:13 Loom
26:13 Hand Cart
26:00 Town Watch
26:27 Gold Mining
30:53 Imperial Age
28:29 Fletching
28:40 Padded Archer Armor
29:53 Thumb Ring
30:01 Husbandry
30:12 Bloodlines
30:20 Bodkin Arrow
30:50 Ballistics
31:16 Leather Archer Armor
31:41 Bracer
32:06 Conscription
32:14 Scale Barding Armor
32:43 Parthian Tactics
32:47 Light Cavalry
34:23 Chain Barding Armor
34:14 Forging
36:56 Capped Ram
37:59 Drill
39:36 Iron Casting
39:51 Hussar
41:31 Gold Shaft Mining
40:23 Siege Ram
41:41 Onager
47:34 Blast Furnace
zensuuur
10:17 Feudal Age
14:06 Castle Age
12:03 Double-Bit Axe
14:02 Horse Collar
15:26 Bow Saw
21:42 Loom
23:42 Scale Mail Armor
26:09 Chain Mail Armor
28:22 Squires
30:29 Fletching
39:22 Wheelbarrow
40:08 Elite Skirmisher
42:14 Padded Archer Armor
Ultrakiller
10:28 Feudal Age
11:30 Horse Collar
11:37 Double-Bit Axe
13:21 Loom
16:22 Castle Age
16:16 Gold Mining
20:16 Bow Saw
24:07 Heavy Plow
27:24 Wheelbarrow
26:58 Scale Mail Armor
30:48 Imperial Age
29:04 Gold Shaft Mining
28:19 Stone Mining
28:19 Gambesons
29:10 Hand Cart
28:21 Man-at-Arms
29:02 Squires
29:52 Chain Mail Armor
29:09 Long Swordsman
29:36 Arson
29:33 Long Swordsman
31:56 Stone Shaft Mining
30:51 Two-Handed Swordsman
32:10 Plate Mail Armor
31:51 Forging
31:38 Town Watch
31:37 Capped Ram
31:48 Champion
32:31 Hamask
34:12 Conscription
34:34 Iron Casting
36:22 Blast Furnace
35:39 Fletching
37:50 Ballistics
38:40 Chemistry
39:33 Bodkin Arrow
41:20 Siege Engineers
41:43 Bracer
46:40 Hoardings
Oliver
9:42 Feudal Age
13:02 Loom
13:20 Fletching
19:36 Castle Age
25:58 Double-Bit Axe
26:15 Horse Collar
27:17 Crossbowman
29:28 Bodkin Arrow
30:28 Padded Archer Armor
32:24 Bow Saw
33:15 Wheelbarrow
33:22 Leather Archer Armor
34:01 Pikeman
35:28 Thumb Ring
38:04 Ballistics
40:50 Masonry
45:11 Imperial Age
Connection lost

Rejoining the realm…

Still unreachable

The connection could not be restored.

Session expired

The server has moved on; the page needs a fresh start.